 Dungeon Crawl Stone Soup version 0.32-a0-841-g4648e6c457 (webtiles) character file.

Game seed: 8464382455587546905

13092 Ge0ff the Skirmisher (level 12, -9/77 HPs)
             Began as a Gargoyle Hexslinger on Mar 26, 2024.
             Was a Believer of Okawaru.
             Shot with a bolt by a yaktaur (19 damage)
             ... on level 11 of the Dungeon.
             The game lasted 00:35:01 (15176 turns).

Ge0ff the Skirmisher (Gargoyle Hexslinger)         Turns: 15176, Time: 00:35:01

Health: -9/77      AC: 18    Str: 19    XL:     12   Next: 2%
Magic:  1/16       EV: 12    Int: 14    God:    Okawaru [**....]
Gold:   1190       SH:  0    Dex: 16    Spells: 15/17 levels left

rFire   . . .        a - +2 orcbow (freeze)
rCold   . . .        (shield currently unavailable)
rNeg    + + .        l - +2 robe {rN+}
rPois   ∞            (no helmet)
rElec   +            M - +0 cloak
rCorr   +            Q - +2 pair of gloves
SInv    .            m - +1 pair of boots {Fly}
Will    .....        (no amulet)
Stlth   ++           s - ring of resist corrosion
HPRegen 0.32/turn    C - +6 ring of strength
MPRegen 0.15/turn

%: no passive effects
@: about to teleport, weak-willed, jinxed, flying
A: sickness immunity, AC +8, negative energy resistance 1, electricity
resistance, torment resistance 1, petrification resistance
a: Renounce Religion, Heroism


You were on level 11 of the Dungeon.
You worshipped Okawaru.
Okawaru was pleased with you.
You visited 2 branches of the dungeon, and saw 12 of its levels.

You collected 1286 gold pieces.
You spent 96 gold pieces at shops.

Inventory:

Hand Weapons
 a - a +2 orcbow of freezing (weapon)
 b - the +8 spear "Lowach" {venom, MP+9 Str+4 Dex+2 Stlth-}
   (You found it on level 4 of the Dungeon)

   Str+4:     It affects your strength (+4).
   Dex+2:     It affects your dexterity (+2).
   MP+9:      It affects your magic capacity (+9).
   Stlth-:    It makes you less stealthy.
 v - a +0 whip of venom
 w - a +1 orcbow
 y - a +1 sling
 D - a +2 dagger of holy wrath
 R - a +1 dagger of chaos
 U - a +0 lajatang of pain
 Y - a +3 rapier
Missiles
 E - 4 boomerangs
 G - 8 poisoned darts
 I - 88 stones
 W - 5 atropa-tipped darts
 X - 3 darts of dispersal
Armour
 l - a +2 robe of positive energy (worn)
 m - a +1 pair of boots of flying (worn)
 M - a +0 cloak (worn)
 N - a +2 plate armour of cold resistance
 Q - a +2 pair of gloves (worn)
 Z - an orb of guile
Jewellery
 s - a ring of resist corrosion (left hand)
 z - a ring of fire
 C - a +6 ring of strength (right hand)
Wands
 k - a wand of iceblast (2)
 P - a wand of polymorph (13)
Scrolls
 n - a scroll of enchant weapon
 r - 4 scrolls of enchant armour
 F - 3 scrolls of fog
 J - 2 scrolls of silence {!r}
 S - a scroll of butterflies
 T - 2 scrolls of teleportation
 V - 4 scrolls of vulnerability
Potions
 o - a potion of attraction {unknown}
 q - 4 potions of curing
 t - a potion of heal wounds {unknown}
 u - 3 potions of mutation {!q}
 x - 2 potions of degeneration {unknown}
 A - a potion of enlightenment {unknown}
 H - a potion of brilliance {unknown}
 K - a potion of magic {!q}
 L - 5 potions of lignification
 O - a potion of haste {unknown}


   Skills:
 - Level 10.0 Fighting
 + Level 14.6 Ranged Weapons
 - Level 3.0 Dodging
 - Level 2.0 Stealth
 - Level 3.0 Spellcasting
 - Level 5.0 Hexes
 - Level 1.0 Fire Magic
 - Level 4.0 Evocations


You had 15 spell levels left.
You knew the following spells:

 Your Spells              Type           Power      Damage    Failure   Level
s - Jinxbite              Hex            32%        N/A       4%          2

Your spell library contained the following spells:

 Spells                   Type           Power      Damage    Failure   Level
 Sigil of Binding         Hex            16%        N/A       9%          3
 Inner Flame              Hex/Fire       10%        N/A       19%         3
 Freeze                   Ice            8%         1d3       22%         1
 Shock                    Conj/Air       8%         1d3       22%         1
 Cause Fear               Hex            8%         N/A       26%         4
 Frozen Ramparts          Ice            4%         1d1       54%         3
 Hailstorm                Conj/Ice       2%         3d5       54%         3
 Swiftness                Air            2%         N/A       54%         3
 Dimensional Bullseye     Hex/Tloc       4%         N/A       58%         4
 Ignite Poison            Fire/Alch      3%         N/A       86%         4
 Airstrike                Air            1%         2d(1-17)  91%         4
 Iskenderun's Mystic Bla  Conj/Tloc      2%         2d3       91%         4
 Freezing Cloud           Conj/Ice/Air   1%         6-21      99%         5
 Irradiate                Conj/Alch      1%         3d12      99%         5
 Ignition                 Fire           2%         3d3       100%        8
 Tukima's Dance           Hex            Unusable   N/A       N/A         3
 Summon Small Mammal      Summ           Unusable   N/A       N/A         1
 Cigotuvi's Dreadful Rot  Necr/Alch/Air  Unusable   N/A       N/A         2
 Call Canine Familiar     Summ           Unusable   N/A       N/A         3
 Summon Blazeheart Golem  Fire/Summ      Unusable   N/A       N/A         4

Dungeon Overview and Level Annotations

Branches:
Dungeon (11/15) Zot: 25225  Temple (1/1) D:4 Zot: 5998    Lair (0/5) D:9
    Orc (0/2) D:10

Altars:
Ashenzari
Cheibriados
Dithmenos
Elyvilon
Fedhas
Gozag
Hepliaklqana
Kikubaaqudgha
Makhleb
Nemelex Xobeh
Okawaru
Qazlal
Ru
Sif Muna
Trog
Uskayaw
Vehumet
Wu Jian
Xom
Yredelemnul
Zin
The Shining One
Beogh

Shops:
D:1 [   D:7 [*   D:8 *

Portals:
Abyss: D:10

Annotations:
D:9 2 transporters
D:10 2 transporters, exclusion: downstairs, NotYourErnst's ghost, novice VSWn
D:11 Gastronok


Innate Abilities, Weirdness & Mutations

You are immune to sickness and miasma.
Your stone body is resilient. (AC +8)
You are immune to poison.
You resist negative energy. (rN+)
You are resistant to electric shocks. (rElec)
You are resistant to unholy torment.
You are immune to petrification.


Message History

You kill the two-headed ogre!
Okawaru accepts your kill.
Training target 10.0 for Fighting reached!
Your Fighting skill increases to level 10!
You have reached level 12!
You feel stronger.
The sprites lose interest in your situation.
You start resting.
Magic restored.
You feel your willpower return.
You now have 1172 gold pieces (gained 3).
You now have 1190 gold pieces (gained 18).
I - 88 stones (gained 9)
You see here a +0 plate armour.
A yaktaur comes into view.
It is wielding the +8 mace of Carved Tenacity {antimagic, *Slow +Blink rElec Str+2}.
The yaktaur moves out of view.
Casting: Jinxbite (safe; 4% risk of failure)
Confirm with . or Enter, or press ? or * to list all spells.
You beckon some vexing sprites to accompany your attacks.
You feel your willpower being sapped.
The yaktaur shouts!
The yaktaur hits you with the +8 mace of Carved Tenacity!
You feel your power leaking away.
You shoot an arrow. The arrow hits the yaktaur.
The arrow freezes the yaktaur.
The yaktaur is lightly wounded.
The yaktaur hits you with the +8 mace of Carved Tenacity!
You feel your power leaking away.
You shoot an arrow.
The arrow hits the yaktaur but does no damage.
The yaktaur is lightly wounded.
The yaktaur hits you with the +8 mace of Carved Tenacity!
You feel your power leaking away.
You shoot an arrow. The arrow barely misses the yaktaur.
The yaktaur hits you with the +8 mace of Carved Tenacity!
You feel your power leaking away.
Throw: 4 darts (disperse)
Press: ? - help, Shift-Dir - straight line, f/p - yaktaur
Aim: a yaktaur, wielding the +8 mace of Carved Tenacity {antimagic, *Slow +Blink rElec Str+2} and quivering stones (lightly wounded, chance to call a sprite on attack: 32%, 83% to hit)
You throw a dart of dispersal.
The dart of dispersal barely misses the yaktaur.
The yaktaur hits you with the +8 mace of Carved Tenacity!
* * * LOW HITPOINT WARNING * * *
As you read the scroll of teleportation, it crumbles to dust.
You feel strangely unstable.
The yaktaur hits you with the +8 mace of Carved Tenacity!
* * * LOW HITPOINT WARNING * * *
The yaktaur unwields the +8 mace of Carved Tenacity {antimagic, *Slow +Blink rElec Str+2}.
The yaktaur wields a +0 arbalest.
The yaktaur shoots a bolt.
The bolt hits you!!
You die...

..##...###.#.###.#.###.#
## ..#........#.....#.
.# ........#.....#...w #
. ....###.#.###[#.###?#
## ........#.....#.....#
.....#.....#.....#......
.###.#.###.#.###.# ###..
.....#.....#.....#......
..#.....#.....#.@.......
#.#.###.#.###.#.###.....
..#.....#.....#c......##
......H.............#.#
...................## #
.......#...#..##..... ##
.......H..###. .##.#. ..
......##...#.. .# .# #
#. ......##..... .# # #.


You could see a yaktaur.

Vanquished Creatures
  A boulder beetle (D:11)
  3 two-headed ogres
  An ugly thing (D:11)
  2 cyclopes
  A manticore (D:11)
  A rime drake (D:9)
  3 trolls
  A polar bear (D:9)
  A slime creature (D:11)
  Sigmund (D:5)
  2 shadows
  A vampire (D:11)
  A wyvern (D:9)
  10 yaks
  2 wraiths (D:11)
  3 vampire mosquitoes (D:10)
  A water moccasin (D:6)
  An acid dragon (D:11)
  4 ice beasts (D:9)
  8 orc warriors
  2 sky beasts
  3 black bears
  3 ogres
  3 wolves
  5 centaurs
  2 bullfrogs
  A gnoll sergeant (D:9)
  6 scorpions
  4 wights (D:6)
  13 killer bees
  3 howler monkeys (D:9)
  2 bombardier beetles
  4 crimson imps (D:4)
  4 jellies
  5 orc priests
  A human skeleton (D:4)
  2 iguanas
  7 orc wizards
  3 sleepcaps
  A hound skeleton (D:4)
  5 adders
  7 gnolls
  A shadow imp (D:6)
  3 white imps
  A dart slug (D:5)
  3 ribbon worms
  42 orcs
  10 ball pythons
  8 endoplasms
  2 giant cockroaches
  A goblin (D:3)
  11 hobgoblins
  4 quokkas
  5 bats
  A frilled lizard (D:1)
  4 kobolds
  6 rats
236 creatures vanquished.

Notes
Turn   | Place    | Note
-------+----------+-------------------------------------------
     0 | D:1      | Ge0ff the Gargoyle Hexslinger began the quest for the Orb.
     0 | D:1      | Reached XP level 1. HP: 12/12 MP: 2/2
   131 | D:1      | Reached XP level 2. HP: 16/16 MP: 3/3
   144 | D:1      | Learned a level 2 spell: Jinxbite
   481 | D:1      | Found Wus Ask's Armour Shop.
   488 | D:1      | Reached XP level 3. HP: 20/20 MP: 2/5
   883 | D:3      | Reached skill level 3 in Ranged Weapons
   883 | D:3      | Reached XP level 4. HP: 22/25 MP: 2/7
  1155 | D:3      | Reached skill level 1 in Stealth
  1311 | D:2      | Reached XP level 5. HP: 29/29 MP: 5/8
  1459 | D:2      | Found a faded altar of an unknown god.
  2461 | D:3      | Found an ornate altar of the Wu Jian Council.
  2491 | D:4      | Noticed an ogre
  2577 | D:4      | Reached skill level 4 in Ranged Weapons
  2577 | D:4      | Reached XP level 6. HP: 26/34 MP: 6/9
  2741 | D:4      | Found a staircase to the Ecumenical Temple.
  2750 | Temple   | Entered the Ecumenical Temple
  2832 | D:4      | You fall into a shaft and drop 3 floors!
  2832 | D:7      | Found a stormy altar of Qazlal.
  2856 | D:7      | Found a glowing silver altar of Zin.
  2856 | D:7      | Found a glowing golden altar of the Shining One.
  2856 | D:7      | Found a white marble altar of Elyvilon.
  2972 | D:7      | Found Qett's Armour Emporium.
  2972 | D:7      | Noticed an animated pearl dragon scales
  2973 | D:7      | Noticed an animated plate armour
  3094 | D:6      | Reached skill level 5 in Ranged Weapons
  3131 | D:6      | Noticed a water moccasin
  3145 | D:6      | Killed a water moccasin
  3146 | D:6      | Reached XP level 7. HP: 40/41 MP: 4/10
  3207 | D:5      | Entered Level 5 of the Dungeon
  3296 | D:6      | Reached skill level 6 in Ranged Weapons
  3362 | D:6      | Reached skill level 7 in Ranged Weapons
  3503 | D:4      | Identified the +8 spear "Lowach" {venom, MP+9 Str+4 Dex+2
                  | Stlth-}
  3534 | D:4      | Reached XP level 8. HP: 37/46 MP: 7/11
  4258 | D:4      | Found a burning altar of Makhleb.
  4371 | D:4      | Found a shimmering altar of Xom.
  5153 | D:5      | Reached skill level 5 in Hexes
  5241 | D:5      | Noticed Sigmund
  5249 | D:5      | Killed Sigmund
  5250 | D:5      | Reached skill level 5 in Fighting
  5250 | D:5      | Reached skill level 8 in Ranged Weapons
  5490 | D:5      | Found a hazy altar of Hepliaklqana.
  5545 | D:5      | Found a snail-covered altar of Cheibriados.
  5554 | D:5      | Reached XP level 9. HP: 54/54 MP: 11/13
  6053 | D:6      | Reached skill level 9 in Ranged Weapons
  6556 | D:6      | Found a bloodstained altar of Trog.
  7068 | D:6      | Found a bloodstained altar of Trog.
  7534 | D:7      | Found Maigra's Merry Market.
  8424 | D:8      | Reached skill level 1 in Evocations
  8682 | D:8      | Reached skill level 10 in Ranged Weapons
  8995 | D:8      | Found Qyhismui's Changing Room.
  9077 | D:8      | Reached XP level 10. HP: 60/60 MP: 11/14
  9200 | D:8      | Noticed a cyclops
  9482 | D:8      | Killed a cyclops
  9483 | D:8      | Reached skill level 11 in Ranged Weapons
  9680 | D:8      | Found an opulent altar of Gozag.
  9808 | D:8      | Bought a potion of mutation for 96 gold pieces
 10507 | D:9      | Found a transporter.
 10541 | D:9      | Noticed a manticore
 10679 | D:9      | Found a transporter.
 10682 | D:9      | Noticed a catoblepas
 10875 | D:9      | Found a staircase to the Lair.
 10895 | D:10     | Entered Level 10 of the Dungeon
 10904 | D:10     | Reached skill level 12 in Ranged Weapons
 11100 | D:10     | Noticed a toenail golem
 11112 | D:10     | Noticed NotYourErnst's ghost (novice VSWn)
 11113 | D:10     | Noticed a skeletal warrior
 11175 | D:9      | Noticed a tengu warrior
 12015 | D:10     | Identified a scroll of acquirement
 12015 | D:10     | Acquired 504 gold pieces
 12041 | D:9      | Reached skill level 13 in Ranged Weapons
 12089 | D:9      | Reached XP level 11. HP: 43/67 MP: 10/15
 12290 | D:10     | Found a roughly hewn altar of Beogh.
 12290 | D:10     | Found a staircase to the Orcish Mines.
 12367 | D:10     | Noticed a two-headed ogre
 12373 | D:10     | Killed a two-headed ogre
 12728 | D:10     | Found a transporter.
 12878 | D:10     | Found a one-way gate to the infinite horrors of the Abyss.
 12901 | D:10     | Found the +8 demon trident "Rift" {distort, reach+}
 12914 | D:10     | Found a transporter.
 12947 | D:10     | Found an iron altar of Okawaru.
 13018 | D:10     | Found a broken altar of Ashenzari.
 13044 | D:10     | Became a worshipper of Warmaster Okawaru
 13427 | D:11     | Noticed a two-headed ogre
 13439 | D:11     | Killed a two-headed ogre
 13593 | D:11     | Noticed a manticore
 13595 | D:11     | Noticed Gastronok
 13596 | D:11     | Noticed a manticore
 13601 | D:11     | Noticed a green ugly thing
 13966 | D:11     | Reached * piety under Okawaru
 14119 | D:11     | Noticed a boulder beetle
 14137 | D:11     | Killed a boulder beetle
 14138 | D:11     | Reached skill level 14 in Ranged Weapons
 14293 | D:11     | Noticed a boulder beetle
 14407 | D:11     | Reached ** piety under Okawaru
 14708 | D:11     | Killed a green ugly thing
 14913 | D:11     | Killed a manticore
 15044 | D:11     | Noticed a cyclops
 15068 | D:11     | Killed a cyclops
 15112 | D:11     | Noticed a two-headed ogre
 15119 | D:11     | Killed a two-headed ogre
 15120 | D:11     | Reached skill level 10 in Fighting
 15120 | D:11     | Reached XP level 12. HP: 77/77 MP: 13/16
 15164 | D:11     | Identified the +8 mace of Carved Tenacity {antimagic, *Slow
                  | +Blink rElec Str+2}
 15176 | D:11     | Shot with a bolt by a yaktaur

Illustrated notes

Levels and vault maps discovered:
D:1:      onia_arrival_pyramid, layout_rooms, serial_shops, nicolae_shop_trees,
          st_stairs_9
D:2:      layout_loops_cross, shapermc_ecumenical_altar_hornbeckon,
          minmay_misc_feat_plants, serial_bayou_pond_c
D:3:      layout_basic, nzn_wu_jian_council_hall, kennysheep_generic_room_15
D:4:      layout_loops_cross, led_xom_imps, makhleb_blood_cavern_becter,
          minmay_temple_entry_sparse_star
D:5:      layout_loops_ring, mainiacjoe_overflow_alcove_4, marbit_many_paths,
          uniq_sigmund
D:6:      layout_basic, trog_ov_bears_minmay
D:7:      layout_loops_corners, dreamdust_divine_triumvirate,
          nicolae_qazlal_scattered_showers, serial_shops,
          nicolae_shop_mannequins, nicolae_alphabet_shops
D:8:      black_bear_nest_2, layout_rooms, mainiacjoe_overflow_brackets,
          nicolae_transmutations_shop
D:9:      gammafunk_the_bubble [the_bubble_gammafunk_crates], layout_stronghold,
          hellmonk_lair_entry_icy, nicolae_zen_rock_garden
D:10:     nicolae_whirlpool, layout_basic, old_standard_altar,
          okawaru_ov_weapons_minmay, david_orc_5,
          gammafunk_ghost_abyssal_escape, minmay_orc_keep
D:11:     hangedman_cross_stitches, layout_loops_ring,
          nicolae_fountain_basement, uniq_gastronok
Temple:   compressed_dpeg_triangle_lava_temple

Skill      XL: |  1  2  3  4  5  6  7  8  9 10 11 |
---------------+----------------------------------+-----
Hexes          | 3 4 5 |  5.0
Ranged Weapons | 3 4 5 7 8 10 13 14 | 14.6
Spellcasting   | 2 3 |  3.0
Stealth        | 1 2 |  2.0
Fighting       | 3 5 6 7 10 | 10.0
Dodging        | 2 3 |  3.0
Evocations     | 3 4 |  4.0
Fire Magic     | |  1.0

Action                     |  1- 3 |  4- 6 |  7- 9 | 10-12 || total
---------------------------+-------+-------+-------+-------++-------
   Fire: Sling             |    73 |   121 |   274 |       ||   468
         Orcbow            |       |       |     9 |   467 ||   476
  Throw: Dart              |       |       |       |     2 ||     2
   Cast: Jinxbite          |    16 |    31 |    67 |    87 ||   201
 Invoke: Heroism           |       |       |       |     1 ||     1
  Evoke: Wand              |       |       |     3 |       ||     3
    Use: Potion            |     1 |       |       |     5 ||     6
         Scroll            |       |       |    11 |    11 ||    22
 Armour: Robe              |    14 |    34 |    87 |   204 ||   339
         Skin              |       |       |       |     4 ||     4
  Dodge: Dodged            |    11 |    36 |    76 |   151 ||   274

Table legend: (Time is in decaauts)
 A = Elapsed time spent in this place.
 B = Non-inter-level travel time spent in this place.
 C = Inter-level travel time spent in this place.
 D = Time resting spent in this place.
 E = Time spent auto-exploring this place.
 F = Levels seen in this place.
 G = Mean time per level.
                   A        B        C        D        E       F      G
               +--------+--------+--------+--------+--------+-----+--------+
         Total |  15196 |  14324 |    872 |   2745 |   8978 |  12 | 1266.3 |
       Dungeon |  15194 |  14323 |    871 |   2745 |   8978 |  11 | 1381.3 |
        Temple |      1 |      1 |      0 |      0 |      0 |   1 |    1.0 |
               +--------+--------+--------+--------+--------+-----+--------+

Top non-repeatable levels by time:
     D:6: 2131 daAuts
    D:10: 2006 daAuts
     D:9: 1902 daAuts
     D:8: 1536 daAuts
     D:4: 1369 daAuts
    D:11: 1272 daAuts
     D:5: 1209 daAuts
     D:7: 1154 daAuts
     D:3: 1035 daAuts
     D:2: 926 daAuts
     D:1: 650 daAuts
  Temple: 1 daAuts
